 Dungeon Crawl Stone Soup version 0.25.1-2-g60ff931df9 (webtiles) character file.

Game seed: 2542112723258138123

8382 Chimkentus the Covert (level 11, -11/76 HPs)
             Began as an Octopode Assassin on Aug 30, 2020.
             Was a Believer of Wu Jian.
             Mangled by a five-headed hydra (16 damage)
             ... on level 9 of the Dungeon.
             The game lasted 01:26:41 (13177 turns).

Chimkentus the Covert (Octopode Assassin)          Turns: 13177, Time: 01:26:42

Health: -11/76     AC:  1    Str: 12    XL:     11   Next: 30%
Magic:  12/12      EV: 16    Int: 19    God:    Wu Jian [**....]
Gold:   322        SH: 10    Dex: 16    Spells: 1/10 levels left

rFire    . . .     SeeInvis .   s - +6 dagger of Witoenko {flame, rElec}
rCold    . . .     Gourm    .   K - +1 kite shield
rNeg     . . .     Faith    .   (helmet restricted)
rPois    .         Spirit   .   (no amulet)
rElec    +         Reflect  .   r - +6 ring of intelligence
rCorr    .         Harm     .   (no ring)
MR       .....                  (no ring)
Stlth    +++++.....             (no ring)
HPRegen  0.22/turn              (no ring)
MPRegen  0.13/turn              (no ring)
                                (no ring)
                                (no ring)

@: about to teleport
A: almost no armour, stealthy swim, amphibious, 8 rings, constrict 8, camouflage
1, gelatinous body 1
a: Wall Jump, Renounce Religion


You were on level 9 of the Dungeon.
You worshipped Wu Jian.
Wu Jian was pleased with you.
You were not hungry.

You visited 2 branches of the dungeon, and saw 10 of its levels.

You collected 547 gold pieces.
You spent 225 gold pieces at shops.

Inventory:

Hand Weapons
 a - a +2 dagger
 i - a +2 hunting sling of flaming
 k - a +1 flail of holy wrath
 l - a +0 whip of pain
 m - a cursed +3 dagger of freezing
 s - the +6 dagger of Witoenko (weapon) {flame, rElec}
   (You bought it in a shop on level 4 of the Dungeon)

   It has been specially enchanted to burn those struck by it, causing extra
   injury to most foes and up to half again as much damage against particularly
   susceptible opponents.
   It insulates you from electricity.
 z - a +0 vorpal fustibalus
 F - a +1 whip of freezing
 H - a +4 flail of holy wrath
 M - a +2 falchion of holy wrath
Missiles
 c - 10 sling bullets
 e - 320 stones
 f - 39 bolts
 g - 244 arrows
 u - 18 boomerangs
 G - 5 boomerangs of dispersal
 I - 20 poisoned darts (quivered)
Armour
 K - a +1 kite shield (worn)
Jewellery
 r - a +6 ring of intelligence (left tentacle)
Wands
 j - a wand of flame (24)
 o - a wand of paralysis (6)
 q - a wand of random effects (19)
Scrolls
 b - a scroll of immolation
 p - 7 scrolls of remove curse
 v - 2 scrolls of teleportation
 w - a scroll of fog
 y - 2 scrolls of magic mapping
 A - a scroll of torment {unknown}
 B - a scroll of fear
 D - a scroll of identify
 E - a scroll of amnesia {unknown}
Potions
 h - 2 potions of flight
 n - a potion of stabbing
 t - a potion of ambrosia
 x - a potion of mutation
 C - a potion of haste
Comestibles
 d - 17 rations


   Skills:
 * Level 7.7 Fighting
 + Level 6.2 Short Blades
 + Level 0.8 Maces & Flails
 + Level 5.9(7.0) Slings
 + Level 5.6(6.8) Throwing
 * Level 7.2 Dodging
 + Level 9.3 Stealth
 * Level 3.8 Shields
 + Level 0.2 Spellcasting
 + Level 3.0 Conjurations
 + Level 3.5 Hexes
 * Level 2.1 Transmutations
 + Level 0.2 Air Magic
 * Level 2.1 Earth Magic
 + Level 0.4 Poison Magic
 + Level 1.8 Evocations


You had one spell level left.
You knew the following spells:

 Your Spells              Type           Power        Failure   Level  Hunger
a - Slow                  Hex            ##......     30%         2    ###....
b - Mephitic Cloud        Conj/Pois/Air  #.......     83%         3    ####...
c - Magic Dart            Conj           ##..         26%         1    ##.....
d - Passwall              Tmut/Erth      #.......     47%         2    ###....
e - Sandblast             Erth           #.....       34%         1    ##.....

Your spell library contained the following spells:

 Spells                   Type           Power        Failure   Level  Hunger
 Stone Arrow              Conj/Erth      ##....       65%         3    ####...
 Blink                    Tloc           N/A          78%         2    ###....
 Call Imp                 Summ           #.......     78%         2    ###....
 Conjure Flame            Conj/Fire      #.......     80%         3    ####...
 Petrify                  Tmut/Erth      #.......     98%         4    #####..
 Lee's Rapid Deconstruct  Erth           #.........   100%        5    ######.


Dungeon Overview and Level Annotations

Branches:
Dungeon (9/15)             Temple (1/1) D:6             Orc (0/2) D:9
   Lair: D:8-11

Altars:
Ashenzari
Cheibriados
Dithmenos
Elyvilon
Fedhas
Gozag
Hepliaklqana
Kikubaaqudgha
Makhleb
Nemelex Xobeh
Okawaru
Qazlal
Ru
Sif Muna
Trog
Uskayaw
Vehumet
Wu Jian
Xom
Yredelemnul
Zin
The Shining One

Shops:
D:4 (   D:5 *   D:6 [   D:7 *


Innate Abilities, Weirdness & Mutations

You cannot wear most types of armour.
You are very stealthy in the water. (Stealth+)
You are amphibious.
You can wear up to eight rings at the same time.
You can use your tentacles to constrict eight enemies at once.
Your skin changes colour to match your surroundings (Stealth+).
Your rubbery body absorbs attacks. (AC +1, EV +1)


Message History

The five-headed hydra closely misses you.
The five-headed hydra bites you!! The five-headed hydra bites you!
The five-headed hydra closely misses you.
Okay, then.
Aiming: Wall Jump
Press: ? - help, Dir - move target cursor
Aiming: Wall Jump
Press: ? - help, Dir - move target cursor
Okay, then.
Evoke which item? (* to show all) (? for menu, Esc to quit)
Okay, then.
As you read the scroll of teleportation, it crumbles to dust.
You feel strangely unstable. The five-headed hydra bites you!
* * * LOW HITPOINT WARNING * * *
The five-headed hydra completely misses you.
The five-headed hydra bites you.
* * * LOW HITPOINT WARNING * * *
The five-headed hydra barely misses you.
The five-headed hydra bites you!
You die...

#################################
#.÷..............................
#.#####..............##..##......
#.# #.##..##...#...##..##..#...
#.# #.##..##...#...##..#..###..
#.# #.##..##...#...##..#.##)##.
#.# #.##..##.°°#...##.....#.#..
#.# #.##..##..@#...##..#.##.##.
#.# #.##..##.°D#...#..####. .##
#.# #.##..##...#.....##$D. 8...
#.# #.##..##...#....######...##
#.# #.##.......#...##%# #.# #.#
#.##............#.# ###.### #.#
#..........).#.##(# #.(...# #.#
#...........####..C##.....# #.#
#..##......##....8...(.8...


You could see a five-headed hydra.

Vanquished Creatures
  A two-headed ogre (D:8)
  Pikel (D:6)
  A cyclops (D:9)
  Joseph (D:6)
  A hornet (D:8)
  2 hippogriffs
  Sigmund (D:3)
  4 yaks
  2 wargs (D:9)
  2 soldier ants (D:8)
  Duvessa (D:4)
  An acid dragon (D:9)
  A water moccasin (D:8)
  6 orc warriors
  A sky beast (D:6)
  3 ice beasts
  2 phantoms
  A black bear (D:7)
  3 ogres
  5 centaurs
  2 big kobolds
  A wyvern zombie (D:8)
  A bullfrog (D:9)
  7 scorpions
  Dowan (D:4)
  4 killer bees (D:7)
  5 wights (D:7)
  4 howler monkeys
  3 crimson imps
  A quasit (D:7)
  A centaur zombie (D:6)
  3 bullfrog skeletons
  5 hounds
  A jelly (D:9)
  9 orc priests
  7 orc wizards
  A centaur skeleton (D:9)
  Natasha (thrice) (D:2)
  4 iguanas
  6 worker ants
  A hound skeleton (D:7)
  4 gnolls (D:4)
  9 adders
  A shadow imp (D:9)
  An ooze (D:5)
  An adder zombie (D:6)
  7 worms
  2 dart slugs
  4 leopard geckos
  24 orcs
  4 bats
  4 giant cockroaches
  8 goblins
  10 hobgoblins
  6 jackals
  22 kobolds
  3 quokkas
  A ball python (D:4)
  A frilled lizard (D:3)
  A jackal zombie (D:7)
  3 leopard gecko skeletons
  A leopard gecko zombie (D:6)
  11 rats
238 creatures vanquished.

Notes
Turn   | Place    | Note
-------+----------+-------------------------------------------
     0 | D:1      | Chimkentus the Octopode Assassin began the quest for the
                  | Orb.
     0 | D:1      | Reached XP level 1. HP: 14/14 MP: 1/1
   640 | D:1      | Reached XP level 2. HP: 19/19 MP: 2/2
  1200 | D:2      | Reached XP level 3. HP: 22/25 MP: 3/3
  1356 | D:2      | Noticed Natasha
  1648 | D:2      | Killed Natasha
  1648 | D:2      | Reached XP level 4. HP: 20/31 MP: 4/4
  1687 | D:2      | Noticed Natasha
  1699 | D:2      | Killed Natasha
  2110 | D:2      | Noticed Natasha
  2115 | D:2      | Killed Natasha
  2115 | D:2      | Reached XP level 5. HP: 30/36 MP: 5/5
  2173 | D:2      | Found a sparkling altar of Nemelex Xobeh.
  3191 | D:3      | Noticed Sigmund
  3197 | D:3      | Killed Sigmund
  3197 | D:3      | Reached XP level 6. HP: 30/43 MP: 6/6
  3777 | D:4      | Noticed Dowan
  3863 | D:4      | Reached XP level 7. HP: 20/48 MP: 7/7
  4064 | D:4      | Found Huesihan's Antique Weapon Boutique.
  4116 | D:4      | Noticed Duvessa
  4313 | D:4      | Killed Dowan
  4353 | D:4      | Killed Duvessa
  4563 | D:4      | Reached skill level 1 in Slings
  5218 | D:4      | Bought a glimmering dagger for 189 gold pieces
  5218 | D:4      | Identified the +6 dagger of Witoenko {flame, rElec} (You
                  | bought it in a shop on level 4 of the Dungeon)
  5251 | D:4      | Reached XP level 8. HP: 45/54 MP: 8/8
  5301 | D:5      | Entered Level 5 of the Dungeon
  5405 | D:5      | Reached skill level 5 in Fighting
  5595 | D:5      | Reached skill level 1 in Evocations
  5714 | D:5      | Found Cujonaan's Assorted Antiques.
  5719 | D:5      | Bought a scroll labeled IRRIROOJIR for 19 gold pieces
  6151 | D:5      | Bought a murky sapphire potion for 17 gold pieces
  6172 | D:6      | Reached skill level 6 in Stealth
  6265 | D:6      | Reached skill level 5 in Dodging
  6320 | D:6      | Noticed a hippogriff
  6331 | D:6      | Killed a hippogriff
  6690 | D:6      | Reached skill level 5 in Throwing
  6690 | D:6      | Reached XP level 9. HP: 61/61 MP: 9/9
  6741 | D:6      | Noticed Pikel
  6765 | D:6      | Reached skill level 7 in Stealth
  7068 | D:7      | Learned a level 2 spell: Slow
  7072 | D:7      | Learned a level 3 spell: Mephitic Cloud
  7363 | D:7      | Noticed Joseph
  7435 | D:7      | Reached skill level 1 in Hexes
  7711 | D:6      | Killed Pikel
  7711 | D:6      | Reached skill level 1 in Shields
  7711 | D:6      | Reached skill level 1 in Conjurations
  7745 | D:6      | Found a staircase to the Ecumenical Temple.
  7759 | Temple   | Entered the Ecumenical Temple
  7838 | Temple   | Became a worshipper of the Wu Jian Council
  7943 | D:6      | Found Han Dyzi's Armour Shop.
  8312 | D:7      | Reached skill level 5 in Short Blades
  8312 | D:7      | Reached skill level 8 in Stealth
  8528 | D:7      | Found Aphood's General Store.
  8533 | D:7      | Reached XP level 10. HP: 56/69 MP: 11/11
  9335 | D:6      | Killed Joseph
  9586 | D:7      | Reached * piety under Wu Jian
 10721 | D:8      | Reached skill level 5 in Slings
 10924 | D:8      | Noticed a two-headed ogre
 10930 | D:8      | Learned a level 1 spell: Magic Dart
 10933 | D:8      | Learned a level 2 spell: Passwall
 10935 | D:8      | Learned a level 1 spell: Sandblast
 10954 | D:8      | Killed a two-headed ogre
 11047 | D:9      | Noticed a five-headed hydra
 11049 | D:9      | Found a glowing golden altar of the Shining One.
 11051 | D:9      | Found a basalt altar of Yredelemnul.
 11081 | D:9      | Reached skill level 1 in Transmutations
 11081 | D:9      | Reached skill level 1 in Earth Magic
 11195 | D:8      | Reached skill level 9 in Stealth
 11431 | D:9      | Found a staircase to the Orcish Mines.
 11459 | D:9      | Reached XP level 11. HP: 75/75 MP: 12/12
 11466 | D:9      | Reached ** piety under Wu Jian
 11881 | D:9      | Found a stormy altar of Qazlal.
 12126 | D:9      | Found a white marble altar of Elyvilon.
 12411 | D:9      | Noticed a cyclops
 12948 | D:9      | Killed a cyclops
 13177 | D:9      | Mangled by a five-headed hydra

Illustrated notes

Levels and vault maps discovered:
D:1:      dpeg_arrival_circle_labyrinth_a, layout_basic
D:2:      layout_loops_cross, first_ration, hangedman_decor_slide_cut,
          nemelex_spade_bored_becter, uniq_natasha
D:3:      layout_loops_ring, uniq_sigmund
D:4:      wad_lake_hut, layout_loops_ring, serial_shops, kennysheep_mini_moat,
          minmay_misc_feat_tower, uniq_duvessa
D:5:      layout_gridville, serial_shops, shop
D:6:      layout_layer_cave, temple_statues, serial_shops, shop, uniq_pikel
D:7:      layout_loops_ring, serial_shops, shop_fountains, uniq_joseph
D:8:      layout_basic, hangedman_pestilent_swarm, st_stairs_14
D:9:      layout_long_grid, nicolae_overflow_hidden_temple,
          grunt_qazlal_sundering, david_orc_1_choice,
          minmay_fractal_squares_gapless_7
Temple:   compressed_dpeg_circular_temple

Skill      XL: |  1  2  3  4  5  6  7  8  9 10 11 |
---------------+----------------------------------+-----
Dodging        | 2 3 4 5 6 7 |  7.2
Fighting       | 3 4 5 6 7 |  7.7
Short Blades   | 3 4 5 6 |  6.2
Throwing       | 3 4 5 |  5.6
Slings         | 1 3 4 5 |  5.9
Evocations     | 1 |  1.8
Stealth        | 6 8 9 |  9.3
Hexes          | 2 3 |  3.5
Shields        | 2 3 |  3.8
Conjurations   | 2 3 |  3.0
Transmutations | 1 2 |  2.1
Earth Magic    | 1 2 |  2.1
Maces & Flails | |  0.8
Spellcasting   | |  0.2
Air Magic      | |  0.2
Poison Magic   | |  0.4

Action                   |  1- 3 |  4- 6 |  7- 9 | 10-12 || total
-------------------------+-------+-------+-------+-------++-------
Melee: Dagger            |    63 |    74 |   145 |   202 ||   484
       Constrict         |    15 |    16 |    26 |    30 ||    87
       Tentacles         |    10 |    11 |    17 |    47 ||    85
       Flail             |       |       |     4 |       ||     4
 Fire: Hunting sling     |       |       |    47 |   112 ||   159
Throw: Dart              |    17 |    18 |    28 |    23 ||    86
       Boomerang         |       |     4 |       |       ||     4
       Stone             |       |       |     6 |       ||     6
 Cast: Passwall          |       |       |       |     2 ||     2
Invok: Lunge             |       |       |     2 |    23 ||    25
       Whirlwind         |       |       |       |     3 ||     3
 Abil: Wall Jump         |       |       |       |    13 ||    13
Evoke: Wand              |       |       |    13 |     5 ||    18
  Use: Scroll            |       |     8 |    10 |     8 ||    26
       Potion            |       |       |     5 |     3 ||     8
 Stab: Sleeping          |     8 |    16 |    20 |    15 ||    59
       Distracted        |       |       |     3 |       ||     3
  Eat: Chunk             |     2 |     7 |    14 |    10 ||    33
       Ration            |       |       |       |     2 ||     2
Armor: Skin              |     2 |     9 |     2 |     4 ||    17
Dodge: Dodged            |    29 |    39 |    75 |    90 ||   233
Block: Kite shield       |       |       |       |    77 ||    77
